 Dungeon Crawl Stone Soup version 0.28-a0-697-g47f3eba078 (webtiles) character file.

Game seed: 6443811574147251465

494 shoop the Magician (level 7, 49/49 HPs)
             Began as a Djinni Fire Elementalist on Oct 23, 2021.
             Quit the game on level 4 of the Dungeon.
             The game lasted 00:08:58 (5179 turns).

shoop the Magician (Djinni Fire Elementalist)       Turns: 5179, Time: 00:08:59

Health: 49/49      AC:  7    Str:  7    XL:     7   Next: 38%
Gold:   115        EV: 11    Int: 18    God:
                   SH:  0    Dex: 14

rFire   + + .      SeeInvis .   n - +1 whip (drain)
rCold   x . .      Faith    .   (no shield)
rNeg    . . .      Spirit   .   j - +0 leather armour
rPois   ∞          Reflect  .   (no helmet)
rElec   .          Harm     .   (no cloak)
rCorr   .          Rampage  .   (no gloves)
Will    .....                   (boots unavailable)
Stlth   ++........              (no amulet)
HPRegen 0.16/turn               q - ring of wizardry
MPRegen 0.00/turn               w - +4 ring of protection

@: flying
A: sickness immunity, fire resistance 2, cold vulnerability 1, float, innate
caster, hp casting, extra vitality 1
a: no special abilities


You were on level 4 of the Dungeon.
You visited 1 branch of the dungeon, and saw 4 of its levels.

You collected 115 gold pieces.

Inventory:

Hand Weapons
 c - a +0 dagger
 g - a +0 short sword
 l - a +0 vampiric halberd
 n - a +1 whip of draining (weapon)
Armour
 a - a +0 robe
 j - a +0 leather armour (worn)
Magical Staves
 f - a staff of cold
Jewellery
 q - a ring of wizardry (left hand)
 w - a +4 ring of protection (right hand)
Scrolls
 d - 2 scrolls of magic mapping {unknown}
 e - a scroll of noise {unknown}
 h - 4 scrolls of teleportation {unknown}
 i - a scroll of enchant weapon {unknown}
 m - 5 scrolls of identify {unknown}
 s - a scroll of enchant armour {unknown}
 u - a scroll of fear {unknown}
 v - a scroll of amnesia {unknown}
 x - a scroll of summoning {unknown}
 y - a scroll of immolation {unknown}
Potions
 b - 6 potions of heal wounds {unknown}
 k - 4 potions of curing {unknown}
 o - a potion of haste {unknown}
 p - a potion of ambrosia {unknown}
 r - a potion of might {unknown}
 t - a potion of flight {unknown}


   Skills:
 - Level 2.0 Fighting
 - Level 2.0 Armour
 - Level 2.1 Dodging
 - Level 1.5 Stealth
 * Level 5.5 Spellcasting


You couldn't memorise any spells.
You knew the following spells:

 Your Spells              Type           Power      Damage    Failure   Level
a - Foxfire               Conj/Fire      100%       2x1d9     1%          1
b - Scorch                Fire           50%        2d8       1%          2
c - Conjure Flame         Conj/Fire      25%        6-21      2%          3
d - Inner Flame           Hex/Fire       25%        N/A       2%          3
e - Flame Wave            Conj/Fire      25%        3d6       8%          4
f - Sting                 Tmut/Pois      100%       1d8       1%          1
g - Poisonous Vapours     Pois/Air       50%        N/A       1%          2
h - Corpse Rot            Necr/Air       50%        N/A       1%          2
Your spell library was empty.

Dungeon Overview and Level Annotations

Branches:
Dungeon (4/15)
 Temple: D:4-7

Altars:
Sif Muna
Wu Jian
Yredelemnul
Beogh

Shops:
D:1 :


Innate Abilities, Weirdness & Mutations

You are immune to sickness and miasma.
You are immune to poison.
Your flesh is very heat resistant. (rF++)
You are vulnerable to cold. (rC-)
You float through the air rather than walking.
You learn spells naturally, not from books.
Your magical power is your life essence.
You have superior vitality. (+4 HP)


Message History

There is an open door here.
There is a shimmering blue altar of Sif Muna here.
You reach down and open the door.
There is an open door here.
You see here a jackal skeleton.
You see here a jackal skeleton.
You reach down and open the door.
A dart slug comes into view.
The dart slug launches a dart at you. The slug dart hits you.
Found a diamond ring.
Found 7 gold pieces.
There is an open door here.
Casting: Foxfire (safe; 1% risk of failure)
Confirm with . or Enter, or press ? or * to list all spells.
You conjure some foxfire!
Your foxfire dissipates!
The foxfire hits the dart slug.
The dart slug is heavily wounded.
The dart slug launches a dart at you. The slug dart hits you.
You hit the dart slug.
You kill the dart slug!
No target in view!
w - a +4 ring of protection
w - a +4 ring of protection (right hand)
You now have 115 gold pieces (gained 7).
You reach down and open the door.
There is an open door here.
You reach down and open the door.
Found a basalt altar of Yredelemnul.
There is an open door here.
There is an open door here.
You reach down and open the door.
Found an ornate altar of the Wu Jian Council.
There is an open door here.
x - a scroll labelled TAWNIL ECSIOC
y - a scroll labelled FOADUSU TYEHOI Done exploring.
Are you sure you want to abandon this character and quit the game? (Confirm with "yes".)

#### #####..## ##### .≈..#8..###
#...# >≈..'._...# #...#
)≈..#8..#.### ######...#
#####..##...# ###........#
########....###_##.......########
'...'.......##..@##......'.......
#####.......#8...8#......########
# ###...^...##...##......# #
#.........###.########## #
#.........# #'#♣######
###.........##♣...'....#########
............'##'#♣#....'.......#
...##.......###.###....#######.##
...###########...##....# #..#


There were no monsters in sight!

Vanquished Creatures
  Menkaure (D:4)
  4 orc priests (D:3)
  2 orc wizards (D:4)
  6 gnolls
  4 adders
  2 worms
  3 dart slugs
  11 orcs
  6 bats
  5 endoplasms
  2 giant cockroaches
  7 goblins
  9 hobgoblins
  7 jackals
  11 kobolds
  2 quokkas
  7 ball pythons
  5 frilled lizards
  3 rats
97 creatures vanquished.

Vanquished Creatures (others)
  356 foxfires
356 creatures vanquished.

Grand Total: 453 creatures vanquished

Notes
Turn   | Place    | Note
-------+----------+-------------------------------------------
     0 | D:1      | shoop the Djinni Fire Elementalist began the quest for the
                  | Orb.
     0 | D:1      | Reached XP level 1. HP: 15/15 MP: 0/0
     2 | D:1      | Noticed a human
     2 | D:1      | Noticed a vampire
     4 | D:1      | Noticed a merfolk
     4 | D:1      | Noticed an ogre
     6 | D:1      | Noticed a felid
     8 | D:1      | Noticed a ghoul
     8 | D:1      | Noticed a formicid
    10 | D:1      | Noticed a troll
    12 | D:1      | Noticed a demigod
    12 | D:1      | Noticed a vine stalker
    14 | D:1      | Noticed an octopode
    16 | D:1      | Noticed a gargoyle
    16 | D:1      | Noticed a draconian
    18 | D:1      | Noticed an elf
    18 | D:1      | Noticed a spriggan
    20 | D:1      | Noticed a dwarf
    22 | D:1      | Noticed a naga
    22 | D:1      | Noticed a tengu
    24 | D:1      | Noticed a minotaur
    26 | D:1      | Noticed a demonspawn
   323 | D:1      | Reached XP level 2. HP: 19/21 MP: 0/0
   436 | D:1      | Found Area's Book Emporium.
   622 | D:1      | Reached skill level 3 in Spellcasting
  1093 | D:1      | Reached XP level 3. HP: 22/25 MP: 0/0
  1093 | D:1      | Learned a level 1 spell: Sting
  1193 | D:1      | Found a faded altar of an unknown god.
  1853 | D:2      | Reached XP level 4. HP: 27/31 MP: 0/0
  1962 | D:2      | Reached skill level 1 in Armour
  2527 | D:2      | Reached XP level 5. HP: 28/35 MP: 0/0
  2527 | D:2      | Learned a level 2 spell: Poisonous Vapours
  2920 | D:3      | Reached skill level 4 in Spellcasting
  3317 | D:3      | Reached skill level 1 in Fighting
  3317 | D:3      | Reached XP level 6. HP: 36/42 MP: 0/0
  4646 | D:4      | Noticed Menkaure
  4746 | D:4      | Killed Menkaure
  4747 | D:4      | Reached skill level 5 in Spellcasting
  4747 | D:4      | Reached XP level 7. HP: 37/49 MP: 0/0
  4747 | D:4      | Learned a level 2 spell: Corpse Rot
  5162 | D:4      | Found a basalt altar of Yredelemnul.
  5170 | D:4      | Found an ornate altar of the Wu Jian Council.
  5179 | D:4      | Quit the game

Illustrated notes

Levels and vault maps discovered:
D:1:      kb_arrival_jail, layout_basic, serial_shops, nicolae_shop_trees,
          hellmonk_ecumenical_altar_defaced_shrine, minmay_tromino_mix6
D:2:      layout_loops_ring
D:3:      layout_rooms, corexii_shack
D:4:      layout_basic, led_sif_book, amethyst_overflow_temple_binary,
          minmay_misc_feat_x, minmay_fountain_box, uniq_menkaure

Skill      XL: |  1  2  3  4  5  6 |
---------------+-------------------+-----
Spellcasting   | 3 4 5 |  5.5
Armour         | 1 2 |  2.0
Fighting       | 1 2 |  2.0
Dodging        | |  2.1
Stealth        | |  1.5

Action                   |  1- 3 |  4- 6 |  7- 9 || total
-------------------------+-------+-------+-------++-------
Melee: Dagger            |     1 |       |       ||     1
       Short sword       |     1 |       |       ||     1
       Halberd           |       |     1 |       ||     1
       Whip              |       |     1 |     1 ||     2
 Cast: Foxfire           |    62 |   140 |     8 ||   210
       Inner Flame       |       |     8 |     1 ||     9
Armor: Robe              |     2 |       |       ||     2
       Leather armour    |       |     2 |       ||     2
Dodge: Dodged            |     6 |    10 |     1 ||    17

Table legend: (Time is in decaauts)
 A = Elapsed time spent in this place.
 B = Non-inter-level travel time spent in this place.
 C = Inter-level travel time spent in this place.
 D = Time resting spent in this place.
 E = Time spent auto-exploring this place.
 F = Levels seen in this place.
 G = Mean time per level.
                   A        B        C        D        E       F      G
               +--------+--------+--------+--------+--------+-----+--------+
         Total |   5177 |   5076 |    101 |    220 |   4287 |   4 | 1294.2 |
       Dungeon |   5177 |   5076 |    101 |    220 |   4287 |   4 | 1294.2 |
               +--------+--------+--------+--------+--------+-----+--------+

Top non-repeatable levels by time:
     D:2: 1678 daAuts
     D:1: 1237 daAuts
     D:4: 1159 daAuts
     D:3: 1102 daAuts
